 Dungeon Crawl Stone Soup version 0.21.0-3-g78d12a8bdd (webtiles) character file.

3313 Bapho the Cruncher (level 10, -5/61 HPs)
             Began as a Gargoyle Gladiator on Jan 9, 2018.
             Slain by a freezing wraith (14 damage)
             ... led by a death knight
             ... on level 8 of the Dungeon.
             The game lasted 00:19:10 (6982 turns).

Bapho the Cruncher (Gargoyle Gladiator)             Turns: 6982, Time: 00:19:12

Health: -5/61      AC: 20    Str: 20    XL:     10   Next: 1%
Magic:  10/10      EV: 11    Int:  9    God:    Xom [*.....]
Gold:   166        SH:  0    Dex: 14    Spells: 9/9 levels left

rFire    . . .     SeeInvis .   a - +0 quarterstaff
rCold    . . .     Gourm    .   (shield currently unavailable)
rNeg     + + .     Faith    .   z - +0 scale mail
rPois    ∞         Spirit   .   c - +0 helmet
rElec    +         Reflect  +   o - +0 cloak
rCorr    .         Harm     .   i - +1 pair of gloves
MR       .....                  (no boots)
Stlth    ..........             M - amulet of Xom's Sleight of Hands {Reflect *Drain rElec rN+ SH+3}
HPRegen  0.20/turn              G - +1 ring of protection
MPRegen  0.12/turn              N - +2 ring of dexterity

@: confused, slowed, very slow
A: negative energy resistance 1, electricity resistance, unbreathing,
petrification resistance, rot immunity, AC +7
a: Renounce Religion


You were on level 8 of the Dungeon.
You worshipped Xom.
You were a special plaything of Xom.
You were not hungry.

You visited 1 branch of the dungeon, and saw 9 of its levels.

You collected 406 gold pieces.
You spent 240 gold pieces at shops.

Inventory:

Hand Weapons
 a - a +0 quarterstaff (weapon)
 b - a +0 shortbow
Missiles
 h - 80 arrows
 l - 128 stones (quivered)
Armour
 c - a +0 helmet (worn)
 i - a +1 pair of gloves (worn)
 o - a +0 cloak (worn)
 t - a +0 helmet
 u - a +0 ring mail
 z - a +0 scale mail (worn)
 I - a +0 leather armour
Jewellery
 E - an uncursed ring of loudness
 F - a cursed -2 ring of protection
 G - a +1 ring of protection (left hand)
 J - an uncursed ring of poison resistance
 M - the amulet of Xom's Sleight of Hands (around neck) {Reflect *Drain rElec rN+ SH+3}
   (Xom gifted it to you on level 6 of the Dungeon)

   [amulet of reflection]

   It shields you and reflects attacks.
   It insulates you from electricity.
   It protects you from negative energy.
   It causes draining when unequipped.
   It affects your SH (+3).
 N - a +2 ring of dexterity (right hand)
 O - an uncursed amulet of magic regeneration {unknown}
Wands
 d - a wand of polymorph (22)
 s - a wand of flame (39)
 Q - a wand of digging (9)
Scrolls
 g - 4 scrolls of enchant weapon {unknown}
 j - 6 scrolls of remove curse
 r - 2 scrolls of fog {unknown}
 v - a scroll of fear {unknown}
 w - 3 scrolls of enchant armour
 y - a scroll of random uselessness {unknown}
 A - 3 scrolls of amnesia {unknown}
 K - 7 scrolls of identify
 L - a scroll of holy word {unknown}
 P - a scroll of blinking {unknown}
 R - a scroll of teleportation {unknown}
Potions
 k - 3 potions of lignification
 m - a potion of brilliance
 n - 4 potions of flight
 p - 3 potions of curing
 q - 5 potions of heal wounds
 x - a potion of cancellation
 B - a potion of agility {unknown}
 C - 3 potions of degeneration {unknown}
 D - a potion of berserk rage
 H - a potion of ambrosia {unknown}
Comestibles
 f - 20 rations


   Skills:
 + Level 6.5 Fighting
 * Level 11.5 Staves
 - Level 1.7 Throwing
 - Level 5.8 Armour
 - Level 2.4 Dodging


You had 9 spell levels left.
You didn't know any spells.

Dungeon Overview and Level Annotations

Branches:
Dungeon (9/15)             Temple (0/1) D:7
   Lair: D:8-11         Orc: D:9-12

Altars:
Cheibriados
Qazlal
Sif Muna
Xom
The Shining One

Shops:
D:4 *   D:6 (   D:7 *


Innate Abilities, Weirdness & Mutations

You are resistant to torment.
Your stone body is resilient. (AC +7)
You are immune to poison.
You resist negative energy. (rN+)
You are resistant to electric shocks. (rElec)
You can survive without breathing.
You are immune to petrification.
You are immune to rotting.


Message History

The freezing wraith is heavily damaged.
Xom's power touches on your mind for a moment.
You are more confused.
The freezing wraith closely misses you. The freezing wraith hits you.
The freezing wraith drains your vigour!
You feel yourself slow down.
You're too confused to move!
The freezing wraith closely misses you.
The freezing wraith hits you but does no damage.
The freezing wraith hits you. The freezing wraith freezes you!!
* * * LOW HITPOINT WARNING * * *
The freezing wraith hits you but does no damage.
You bump into the rock wall.
The freezing wraith hits you but does no damage. x2
You're too confused to move!
Xom changes the scenery.
The stone staircase leading down slides away from you!
The freezing wraith hits you.
* * * LOW HITPOINT WARNING * * *
The freezing wraith freezes you!
You die...
Xom thinks this is hilarious!

#.#......# #.....# #
#.######.# #######
#.# #..#.####### #.#
##.##......# ###
#..##.####.##
#####)##.#.....#
#.#........##..#
#.####.#.#.....#####
#..@W.>#............
##########.###.#####
#.###.# #.....#
#######


You could see a freezing wraith.

Vanquished Creatures
  Pikel (D:4)
  A troll (D:8)
  A hippogriff (D:8)
  A spriggan (D:8)
  The ghost of FortKnight the Magician, an amateur FoWz (D:3)
  An ice beast (D:5)
  A sky beast (D:7)
  A necrophage (D:7)
  An ogre (D:4)
  A centaur (D:5)
  2 big kobolds
  4 bullfrogs
  5 killer bees (D:8)
  A scorpion (D:5)
  3 wights (D:8)
  A howler monkey (D:5)
  A crimson imp (D:8)
  A quasit (D:5)
  A bullfrog skeleton (D:5)
  6 hounds
  2 orc priests
  Terence (D:3)
  2 worker ants
  6 orc wizards
  A killer bee zombie (D:5)
  Robin (D:2)
  12 adders
  An ooze (D:2)
  An adder skeleton (D:5)
  2 worms
  3 dart slugs
  3 leopard geckos
  23 orcs
  11 giant cockroaches
  18 goblins
  13 hobgoblins
  5 jackals (D:1)
  6 quokkas
  A ball python (D:4)
  5 bats
  6 frilled lizards
  A jackal skeleton (D:4)
  21 kobolds
  A leopard gecko zombie (D:8)
  A quokka skeleton (D:6)
  2 rats
184 creatures vanquished.

Vanquished Creatures (collateral kills)
  A black bear (D:7)
  A crimson imp (D:7)
  A shadow imp (D:7)
  An orc (D:7)
4 creatures vanquished.

Vanquished Creatures (others)
  An orc wizard (D:7)
  An adder (D:4)
2 creatures vanquished.

Grand Total: 190 creatures vanquished

Notes
Turn   | Place    | Note
-------+----------+-------------------------------------------
     0 | D:1      | Bapho the Gargoyle Gladiator began the quest for the Orb.
     0 | D:1      | Reached XP level 1. HP: 12/12 MP: 1/1
    51 | D:1      | Reached XP level 2. HP: 12/18 MP: 2/2
   489 | D:1      | Reached XP level 3. HP: 22/22 MP: 3/3
  1052 | D:2      | Reached skill level 4 in Staves
  1446 | D:2      | Noticed Robin
  1454 | D:2      | Reached skill level 1 in Armour
  1454 | D:2      | Reached XP level 4. HP: 24/27 MP: 4/4
  1473 | D:2      | Killed Robin
  1829 | D:3      | Noticed FortKnight's ghost (amateur FoWz)
  1845 | D:3      | Killed FortKnight's ghost
  1845 | D:3      | Reached skill level 5 in Staves
  1845 | D:3      | Reached XP level 5. HP: 23/32 MP: 5/5
  2043 | D:3      | Found a shimmering altar of Xom.
  2054 | D:3      | Became a worshipper of Xom of Malevolent Giggling
  2161 | D:3      | Noticed Terence
  2171 | D:3      | Killed Terence
  2171 | D:3      | Reached XP level 6. HP: 36/36 MP: 6/6
  2177 | D:3      | XOM: cloud trail
  2374 | D:3      | XOM: silly message
  2515 | D:4      | XOM: stealth player
  2568 | D:4      | Found a deep blue altar of Sif Muna.
  2576 | D:4      | XOM: medium Air miscast
  2818 | D:4      | XOM: butterfly on damage
  2971 | D:4      | XOM: potion effect (haste)
  2975 | D:4      | Reached skill level 6 in Staves
  3052 | D:4      | XOM: cloud trail
  3100 | D:4      | Noticed Pikel
  3101 | D:4      | Noticed a slave
  3101 | D:4      | Noticed a slave
  3102 | D:4      | Noticed a slave
  3103 | D:4      | Noticed a slave
  3103 | D:4      | XOM: divination: detect creatures
  3138 | D:4      | Killed Pikel
  3138 | D:4      | Reached skill level 7 in Staves
  3138 | D:4      | Reached XP level 7. HP: 40/40 MP: 7/7
  3138 | D:4      | Reached XP level 8. HP: 45/45 MP: 8/8
  3186 | D:4      | Reached skill level 5 in Armour
  3310 | D:4      | Found Atwegig's Serpentskin Sales.
  3389 | D:5      | Entered Level 5 of the Dungeon
  3397 | D:5      | Reached skill level 8 in Staves
  3404 | D:5      | XOM: god gift: arrow
  3530 | D:5      | Found a stormy altar of Qazlal.
  3652 | D:5      | XOM: god gift: scroll labeled EPEAXI UNURI {god gift}
  3916 | D:5      | Reached skill level 9 in Staves
  3968 | D:5      | XOM: scenery: create altars
  4025 | D:5      | Found a snail-covered altar of Cheibriados.
  4093 | D:5      | XOM is BORED!
  4230 | D:6      | XOM: scenery: create altars
  4339 | D:6      | XOM: god gift: brightly glowing platinum amulet {god gift}
  4340 | D:6      | Got a brightly glowing platinum amulet {god gift}
  4341 | D:6      | Identified the amulet of Xom's Sleight of Hands {Reflect *Drain rElec rN+ SH+3} (Xom gifted it to you on level 6 of the Dungeon)
  4343 | D:6      | XOM: god gift: 49 gold pieces
  4367 | D:6      | Found Ethrinent's Antique Weapon Shop.
  4588 | D:6      | XOM: polymorph jelly -> bullfrog
  4746 | D:7      | Noticed an angel
  4749 | D:7      | Found Coimuaw's Hallowed Reliquary.
  4751 | D:7      | Found a glowing golden altar of the Shining One.
  4758 | D:7      | Bought a potion of heal wounds for 60 gold pieces
  4758 | D:7      | Bought a potion of heal wounds for 60 gold pieces
  4758 | D:7      | Bought a potion of heal wounds for 60 gold pieces
  4758 | D:7      | Bought a potion of heal wounds for 60 gold pieces
  4775 | D:7      | Reached XP level 9. HP: 35/52 MP: 9/9
  4788 | D:7      | XOM: enchant monster (good)
  4853 | D:7      | XOM: god gift: 8 exploding tomahawks
  4875 | D:7      | XOM: summons 8 friendly demons
  4949 | D:7      | Found a staircase to the Ecumenical Temple.
  5086 | D:7      | XOM: god gift: potion of flight
  5102 | D:7      | Reached skill level 10 in Staves
  5123 | D:7      | XOM: divination: detect items
  5144 | D:7      | XOM: summons friendly iron imp
  5493 | D:8      | Reached skill level 5 in Fighting
  5499 | D:8      | XOM: divination: detect items
  5569 | D:8      | XOM: summons 4 hostile demons
  5847 | D:8      | Reached skill level 11 in Staves
  5880 | D:8      | XOM: 5-stop teleportation journey
  6359 | D:8      | XOM: stat loss: -1 Dex (13/14)
  6376 | D:8      | XOM: harmless Chrm miscast
  6397 | D:9      | Noticed a troll
  6403 | D:8      | XOM: polymorph quokka -> hound
  6406 | D:8      | XOM: enchant monster (bad)
  6428 | D:8      | HP: 4/82 [something (3)]
  6431 | D:8      | Killed a troll
  6734 | D:9      | Reached XP level 10. HP: 59/61 MP: 10/10
  6735 | D:9      | XOM: enchant monster (bad)
  6789 | D:9      | XOM: noise
  6793 | D:9      | XOM: harmless Necr miscast
  6966 | D:8      | XOM: confusion
  6967 | D:8      | XOM: confusion
  6979 | D:8      | XOM: confusion
  6982 | D:8      | XOM: repel stairs
  6982 | D:8      | Slain by a freezing wraith

Skill      XL: |  1  2  3  4  5  6  7  8  9 |
---------------+----------------------------+-----
Staves         | 4 5 7 9 11 | 11.5
Armour         | 1 2 4 5 |  5.8
Fighting       | 4 6 |  6.5
Throwing       | |  1.7
Dodging        | |  2.4

Action                   |  1- 3 |  4- 6 |  7- 9 | 10-12 || total
-------------------------+-------+-------+-------+-------++-------
Melee: Quarterstaff      |   112 |   141 |   421 |    28 ||   702
 Fire: Shortbow          |       |       |    82 |     2 ||    84
Throw: Throwing net      |     4 |       |       |       ||     4
       Stone             |    60 |    71 |    49 |       ||   180
  Use: Scroll            |       |     7 |     2 |       ||     9
       Potion            |       |       |     3 |       ||     3
  Eat: Chunk             |     2 |     5 |    12 |     1 ||    20
Armor: Leather armour    |    49 |    10 |       |       ||    59
       Ring mail         |       |     6 |       |       ||     6
       Scale mail        |       |    44 |   254 |    34 ||   332
Dodge: Dodged            |    78 |    73 |   198 |    33 ||   382
Block: Other             |       |       |    32 |     6 ||    38
       Reflection        |       |       |     2 |       ||     2
